 Dungeon Crawl Stone Soup version 0.18-a0-670-g393520a (webtiles) character file.

75 Proton the Shield-Bearer (level 4, 0/35 HPs)
             Began as a Formicid Fighter on Dec 6, 2015.
             Was an Initiate of Gozag.
             Succumbed to an adder's poison
             ... on level 2 of the Dungeon.
             The game lasted 00:02:51 (970 turns).

Proton the Shield-Bearer (Formicid Fighter)          Turns: 970, Time: 00:02:51

Health: 0/35       AC:  8    Str: 21    XL:     4   Next: 55%
Magic:  4/4        EV:  6    Int:  8    God:    Gozag
Gold:   37         SH: 14    Dex: 10    Spells: 0 memorised, 3 levels left

rFire  . . .     SeeInvis +     a - +0 war axe
rCold  . . .     Clarity  .     b - +0 scale mail
rNeg   . . .     SustAt   .     k - +0 large shield
rPois  .         Gourm    .     (helmet unavailable)
rElec  .         Spirit   .     c - +0 cloak
rCorr  .         Dismiss  .     (no gloves)
rMut   .         Stasis   +     (no boots)
MR     .....                    (no amulet)
Stlth  ..........               (no ring)
                                (no ring)

@: lethally poisoned (0 -> -5), not resistant to hostile enchantments, extremely
unstealthy
A: permanent stasis, dig shafts and tunnels, four strong arms, antennae 3
a: Dig, Shaft Self, Potion Petition, Call Merchant, Bribe Branch, Renounce
Religion


You were on level 2 of the Dungeon.
You worshipped Gozag.
Gozag was noncommittal.
You were hungry.

You visited 1 branch of the dungeon, and saw 2 of its levels.

You collected 49 gold pieces.
You paid 12 gold pieces to Gozag.

Inventory:

Hand Weapons
 a - a +0 war axe (weapon)
Armour
 b - a +0 scale mail (worn)
 c - a +0 cloak (worn)
 k - a +0 large shield (worn)
Scrolls
 f - a scroll of amnesia {unknown}
 h - a scroll of remove curse {unknown}
 j - a scroll of teleportation {unknown}
 l - a scroll of fear {unknown}
 n - a scroll of identify {unknown}
Potions
 d - a potion of might
 i - a potion of curing {unknown}
 o - a potion of invisibility {unknown}
Comestibles
 e - 2 bread rations
 g - a beef jerky
 m - a meat ration


   Skills:
 - Level 3.4 Fighting
 * Level 3.0 Axes
 + Level 4.0 Armour
 + Level 4.4 Shields


You had 3 spell levels left.
You didn't know any spells.

Dungeon Overview and Level Annotations

Branches:
Dungeon (2/15)

Altars:
Gozag
Sif Muna


Innate Abilities, Weirdness & Mutations

You are under a permanent stasis effect.
You can dig through walls and to a lower floor.
Your four strong arms can wield two-handed weapons with a shield.
You have a pair of large antennae on your head (SInv).


Message History

You closely miss the adder.
The adder is severely wounded.
* * * LOW HITPOINT WARNING * * *
You feel sick. You block the adder's attack.
The adder bites you but does no damage.
You closely miss the adder.
The adder is severely wounded.
* * * LOW HITPOINT WARNING * * *
You feel sick. The adder barely misses you. You block the adder's attack.
You hit the adder.
The adder is almost dead.
* * * LOW HITPOINT WARNING * * *
You feel sick. The adder bites you but does no damage.
The adder bites you but does no damage.
You hit the adder.
You kill the adder!
Your Axes skill increases to level 3!
You are feeling hungry.
You die...
Your body crumbles into a pile of gold.

#..............
..
##..##...##..###
#.###
#......(###..#
.....###...###.#
#..#
#......#...#
#.###..####
#..........#
#.....)....
#..........#
#......###
#......$#..#
#####.##
.......@.(.# #.#
#.##.##$##$# #.#
#.##.#######.#
..##.........#
###############


There were no monsters in sight!

Vanquished Creatures
  Ijyb (D:2)
  An adder (D:2)
  A worm (D:2)
  A giant gecko (D:1)
  2 bats (D:1)
  5 hobgoblins
  4 jackals (D:1)
  6 kobolds
  A quokka (D:2)
  A giant cockroach (D:2)
  A giant newt (D:1)
  5 goblins
  4 rats
33 creatures vanquished.

Notes
Turn   | Place    | Note
--------------------------------------------------------------
     0 | D:1      | Proton the Formicid Fighter began the quest for the Orb.
     0 | D:1      | Reached XP level 1. HP: 18/18 MP: 1/1
    61 | D:1      | Reached XP level 2. HP: 20/24 MP: 2/2
   275 | D:1      | Reached skill level 4 in Shields
   322 | D:1      | Reached XP level 3. HP: 27/29 MP: 3/3
   722 | D:2      | Found a faded altar to an unknown god.
   759 | D:2      | Became a worshipper of Sif Muna the Loreminder
   759 | D:2      | Reached * piety under Sif Muna
   759 | D:2      | Fell from the grace of Sif Muna
   767 | D:2      | Noticed Ijyb
   779 | D:2      | Killed Ijyb
   779 | D:2      | Reached XP level 4. HP: 25/35 MP: 4/4
   830 | D:2      | Found an opulent altar of Gozag.
   863 | D:2      | Became a worshipper of Gozag Ym Sagoz the Greedy
   968 | D:2      | HP: 1/35 [poisoned by an adder]
   970 | D:2      | Succumbed to an adder's poison

Vault maps used:
D:1:      elethiomel_arrival_maze, minivault_24
D:2:      lemuel_doored_altar, first_bread, ecumenical_altar_2,
          nicolae_gozag_seed_capital, uniq_iyjb, uniq_natasha

Action                   |  1- 3 |  4- 6 || total
-------------------------+-------+-------++-------
Melee: War axe           |    68 |    42 ||   110
Invok: Renounce Religion |     1 |       ||     1
